 Dungeon Crawl Stone Soup version 0.22-a0-537-ge9e9f76342 (webtiles) character file.

10594 Faustar the Protected (level 11, -2/136 HPs)
             Began as a Hill Orc Monk on June 23, 2018.
             Was the Champion of Cheibriados.
             Slain by a ten-headed hydra (7 damage)
             ... on level 9 of the Dungeon.
             The game lasted 00:16:01 (9187 turns).

Faustar the Protected (Hill Orc Monk)               Turns: 9187, Time: 00:16:02

Health: -2/136     AC: 25    Str: 33    XL:     11   Next: 64%
Magic:  3/16       EV:  2    Int: 25    God:    Cheibriados [******]
Gold:   574        SH:  5    Dex: 28    Spells: 10/10 levels left

rFire    . . .     SeeInvis .   F - +1 war axe (venom)
rCold    + . .     Gourm    .   (no shield)
rNeg     + + +     Faith    .   (armour currently unavailable)
rPois    +         Spirit   .   (helmet currently unavailable)
rElec    .         Reflect  +   (cloak currently unavailable)
rCorr    .         Harm     .   (gloves currently unavailable)
MR       .....     NoTele   +   (boots currently unavailable)
Stlth    +++.......             M - +5 amulet of reflection
HPRegen  0.32/turn              s - ring of positive energy
MPRegen  0.15/turn              N - ring of protection from cold

@: tree-form, very slow
A: frail 1
a: Bend Time, Temporal Distortion, Slouch, Step From Time, Renounce Religion


You were on level 9 of the Dungeon.
You worshipped Cheibriados.
Cheibriados was exalted by your worship.
You were hungry.
You were a tree.
You visited 1 branch of the dungeon, and saw 9 of its levels.
You also visited: Ossuary.

You collected 574 gold pieces.

Inventory:

Hand Weapons
 n - a +0 hand axe of electrocution
 E - a +0 war axe
 F - a +1 war axe of venom (weapon)
Missiles
 u - 11 tomahawks (quivered)
 D - 5 tomahawks of returning
Armour
 b - a +0 robe
 f - a +0 ring mail
 r - a +0 chain mail (melded)
 w - a +0 pair of boots (melded)
 H - a +0 cloak (melded)
 J - a +0 large shield
 L - a +2 pair of gloves (melded)
 O - a +0 troll leather armour
Jewellery
 s - a ring of positive energy (left branch)
 I - an uncursed amulet of guardian spirit
 M - a +5 amulet of reflection (around neck)
 N - a ring of protection from cold (right branch)
Wands
 e - a wand of iceblast (12)
 t - a wand of polymorph (12)
 v - a wand of digging (6)
 P - a wand of paralysis (11)
Scrolls
 d - 3 scrolls of enchant armour
 g - 6 scrolls of remove curse
 k - 4 scrolls of amnesia
 o - 6 scrolls of teleportation
 p - a scroll of noise
 x - a scroll of fear {unknown}
 y - a scroll of random uselessness
 z - 2 scrolls of identify
 C - a scroll of holy word {unknown}
 K - a scroll of magic mapping
Potions
 a - a potion of resistance
 i - 2 potions of lignification
 j - a potion of heal wounds
 l - 8 potions of curing
 m - 3 potions of might
 q - 3 potions of brilliance
 A - a potion of mutation
 B - 3 potions of flight {unknown}
 G - a potion of agility
Comestibles
 c - 15 rations


   Skills:
 - Level 11.0 Fighting
 - Level 11.9 Axes
 - Level 12.2 Armour
 - Level 2.4 Dodging
 - Level 1.5 Stealth
 - Level 4.0 Shields
 + Level 6.7 Invocations


You had 10 spell levels left.
You didn't know any spells.
Your spell library contained the following spells:

 Spells                   Type           Power        Failure   Level  Hunger
 Magic Dart               Conj           #...         14%         1    ##.....
 Conjure Flame            Conj/Fire      #.......     38%         3    ####...
 Slow                     Hex            #.......     21%         2    ###....
 Mephitic Cloud           Conj/Pois/Air  #.......     38%         3    ####...
 Blink                    Tloc           N/A          21%         2    ###....
 Call Imp                 Summ           #.......     21%         2    ###....


Dungeon Overview and Level Annotations

Branches:
Dungeon (9/15)             Temple (0/1) D:6
   Lair: D:8-11         Orc: D:9-12

Altars:
Cheibriados
Elyvilon
Hepliaklqana
Makhleb
Ru
Trog
Uskayaw
Vehumet
Wu Jian
Zin
Beogh

Annotations:
D:9 1 exclusion


Innate Abilities, Weirdness & Mutations

((Your skin changes colour to match your surroundings (Stealth+).))
((You can translocate small distances at will.))
You are frail. (-10% HP)


Message History

The ten-headed hydra barely misses you. The ten-headed hydra bites you.
* * * LOW HITPOINT WARNING * * *
You block the ten-headed hydra's attack.
The ten-headed hydra bites you but does no damage. x2
Okay, then.
Unknown command.
Evoke which item? (* to show all) (? for menu, Esc to quit)
Aiming: Paralyse
Press: ? - help, Shift-Dir - straight line, f - ten-headed hydra
Aim: a ten-headed hydra (almost dead, poisoned, chance to defeat MR: 15%)
The ten-headed hydra resists with almost no effort.
The ten-headed hydra bites you but does no damage.
The ten-headed hydra bites you.
* * * LOW HITPOINT WARNING * * *
You block the ten-headed hydra's attack.
The ten-headed hydra bites you but does no damage.
You block the ten-headed hydra's attack.
The ten-headed hydra bites you but does no damage.
The ten-headed hydra bites you!
You die...

##.# ####.##....###..####.
#..# #.##....# ##...###
####.##### #.##....# #..#.# #
.........# #.......# #.##.###
.........##### ####....#
#.##.... .............####
#....# #.######
############....###....###.##
# ####..##....##...#
##♣##....##...#
#D########.<.#### #.####
#......##
###########....#####...##...
#..........###....##...####.
#..........# ##.............
#..........###†##.....#####.
#..........##.#######.......
#.................<.......##


You could see a ten-headed hydra.

Vanquished Creatures
  5 two-headed ogres
  An unseen horror (D:9)
  A harpy (D:9)
  Joseph (D:7)
  A gargoyle (D:9)
  A troll (D:9)
  6 yaks (D:8)
  A wyvern (D:9)
  A sky beast (D:6)
  A black bear (D:7)
  4 orc warriors
  2 phantoms (D:9)
  A necrophage (D:5)
  7 ogres
  3 centaurs
  A big kobold (D:7)
  5 bullfrogs
  A wyvern skeleton (D:8)
  3 water moccasin zombies (Ossuary)
  8 scorpions
  8 killer bees
  5 wights (D:7)
  A howler monkey (D:4)
  A crimson imp (D:5)
  A bullfrog zombie (D:8)
  2 centaur skeletons
  5 orc priests
  12 orc wizards
  A bullfrog skeleton (D:8)
  3 hounds
  Jessica (D:3)
  An iguana (D:8)
  2 killer bee zombies
  9 worker ants
  2 big kobold zombies (Ossuary)
  2 mummies (Ossuary)
  2 hound skeletons
  7 adders
  7 gnolls
  4 shadow imps
  A worm zombie (D:4)
  8 adder zombies (Ossuary)
  A worm (D:2)
  2 dart slugs
  2 leopard geckos
  39 orcs
  2 ball pythons
  8 giant cockroaches
  4 gnoll zombies (Ossuary)
  13 goblins
  6 hobgoblins
  8 jackals
  5 quokkas
  4 bats
  4 frilled lizards
  A giant cockroach zombie (D:5)
  7 hobgoblin zombies (Ossuary)
  4 kobolds
  3 kobold zombies (Ossuary)
  2 orc zombies (Ossuary)
  2 quokka skeletons
  6 rats
262 creatures vanquished.

Notes
Turn   | Place    | Note
-------+----------+-------------------------------------------
     0 | D:1      | Faustar the Hill Orc Monk began the quest for the Orb.
     0 | D:1      | Reached XP level 1. HP: 19/19 MP: 1/1
    12 | D:1      | Noticed a merfolk zombie
   233 | D:1      | Reached XP level 2. HP: 25/27 MP: 2/2
   337 | D:1      | Found a snail-covered altar of Cheibriados.
   397 | D:1      | Became a worshipper of Cheibriados the Contemplative
   397 | D:1      | Reached * piety under Cheibriados
   397 | D:1      | Reached ** piety under Cheibriados
   635 | D:3      | Reached XP level 3. HP: 16/34 MP: 3/3
   640 | D:3      | Reached skill level 5 in Axes
   843 | D:2      | Reached XP level 4. HP: 20/41 MP: 4/4
   848 | D:2      | Reached skill level 5 in Fighting
  1083 | D:2      | Reached XP level 5. HP: 34/48 MP: 5/5
  1130 | D:2      | Found a sacrificial altar of Ru.
  1397 | D:2      | Found a bloodstained altar of Trog.
  1791 | D:3      | Noticed Jessica
  1796 | D:3      | Killed Jessica
  1796 | D:3      | Reached skill level 1 in Armour
  1821 | D:3      | Identified Jessica's Tome of the Traveller
  2170 | D:3      | Reached *** piety under Cheibriados
  2173 | D:3      | Reached XP level 6. HP: 52/57 MP: 6/6
  2183 | D:3      | Reached skill level 2 in Armour
  2758 | D:4      | Found a sand-covered staircase.
  2923 | Ossuary  | Entered an ossuary
  2952 | Ossuary  | Reached skill level 3 in Armour
  3009 | Ossuary  | Reached **** piety under Cheibriados
  3124 | Ossuary  | Reached XP level 7. HP: 50/64 MP: 7/7
  3155 | Ossuary  | Reached skill level 4 in Armour
  3584 | D:4      | Found a hide-covered altar of Uskayaw.
  3584 | D:4      | Found a burning altar of Makhleb.
  3641 | D:4      | Found a glowing silver altar of Zin.
  3641 | D:4      | Found a white marble altar of Elyvilon.
  4057 | D:5      | Entered Level 5 of the Dungeon
  4068 | D:4      | Reached skill level 5 in Armour
  4113 | D:5      | Reached XP level 8. HP: 55/73 MP: 8/8
  4184 | D:5      | Reached ***** piety under Cheibriados
  4341 | D:5      | Found a runed door.
  4490 | D:5      | Reached skill level 6 in Armour
  4927 | D:5      | Reached skill level 7 in Armour
  4948 | D:5      | Reached XP level 9. HP: 81/81 MP: 9/9
  5051 | D:5      | Found a roughly hewn altar of Beogh.
  5109 | D:6      | Reached skill level 8 in Armour
  5248 | D:6      | Reached ****** piety under Cheibriados
  5274 | D:6      | Found a staircase to the Ecumenical Temple.
  5643 | D:6      | Found a radiant altar of Vehumet.
  5644 | D:6      | Found an ornate altar of the Wu Jian Council.
  5873 | D:7      | Noticed Joseph
  5887 | D:7      | Killed Joseph
  5887 | D:7      | Reached skill level 10 in Axes
  5887 | D:7      | Reached skill level 9 in Armour
  6128 | D:7      | Reached XP level 10. HP: 91/91 MP: 10/10
  6294 | D:7      | Reached skill level 10 in Armour
  6528 | D:8      | Reached skill level 1 in Shields
  6727 | D:8      | Found a hazy altar of Hepliaklqana.
  7065 | D:8      | Noticed a two-headed ogre
  7067 | D:8      | Noticed a two-headed ogre
  7076 | D:7      | Killed a two-headed ogre
  7076 | D:7      | Reached skill level 10 in Fighting
  7149 | D:8      | Killed a two-headed ogre
  7149 | D:8      | Reached skill level 11 in Armour
  7694 | D:8      | Reached XP level 11. HP: 99/101 MP: 11/11
  7721 | D:8      | Noticed a two-headed ogre
  7730 | D:8      | Killed a two-headed ogre
  7730 | D:8      | Noticed a two-headed ogre
  7740 | D:8      | Killed a two-headed ogre
  7990 | D:8      | Reached skill level 12 in Armour
  8216 | D:9      | Noticed a four-headed hydra
  8247 | D:9      | Killed an unseen horror
  8618 | D:9      | Reached skill level 1 in Invocations
  8621 | D:9      | Noticed a two-headed ogre
  8630 | D:9      | Killed a two-headed ogre
  8957 | D:9      | Reached skill level 5 in Invocations
  9032 | D:9      | Noticed a harpy
  9057 | D:9      | Killed a harpy
  9172 | D:9      | Noticed a six-headed hydra
  9184 | D:9      | HP: 4/153 [ten-headed hydra (4)]
  9186 | D:9      | Gained mutation: You can translocate small distances at will. [potion of mutation]
  9186 | D:9      | Gained mutation: You are frail. (-10% HP) [potion of mutation]
  9186 | D:9      | Gained mutation: Your skin changes colour to match your surroundings (Stealth+). [potion of mutation]
  9187 | D:9      | Slain by a ten-headed hydra

Vault maps used:
D:1:      shiori_arrival_whats_in_store_for_you, minivault_11,
          cheibriados_altar_1
D:2:      nicolae_ru_sacrificial_ziggurat, lightli_temple_of_fire, first_ration,
          kennysheep_decorative_pillar, grunt_decor_mini_mirrors
D:3:      kennysheep_jessica_study
D:4:      chequers_temple_overflow_statue_of_worship, enter_ossuary_3
D:5:      st_stairs_2, grunt_ministairs_9, lightli_church_of_beogh
D:6:      gammafunk_temple_overflow_pools, minmay_temple_entry_glassed_door,
          hangedman_abyss_or_decor_stagger
D:7:      uniq_joseph
D:8:      minmay_opposing_rooms, nicolae_overflow_crystal_walls
D:9:      minmay_shrinking_squares
Ossuary:  ossuary_tomb_2

Skill      XL: |  1  2  3  4  5  6  7  8  9 10 11 |
---------------+----------------------------------+-----
Fighting       | 4 5 6 7 8 9 10 11 | 11.0
Axes           | 5 6 7 8 10 11 | 11.9
Armour         | 1 3 5 7 9 11 12 | 12.2
Shields        | 4 |  4.0
Invocations    | 6 |  6.7
Dodging        | |  2.4
Stealth        | |  1.5

Action                   |  1- 3 |  4- 6 |  7- 9 | 10-12 || total
-------------------------+-------+-------+-------+-------++-------
Melee: Hand axe          |    70 |   224 |   402 |   189 ||   885
       War axe           |       |       |       |    61 ||    61
Invok: Slouch            |       |       |       |     3 ||     3
Evoke: Wand              |       |       |     4 |     2 ||     6
  Use: Scroll            |       |     3 |     5 |    11 ||    19
       Potion            |       |       |     2 |     3 ||     5
 Stab: Sleeping          |     1 |       |       |       ||     1
       Confused          |       |       |     9 |       ||     9
  Eat: Chunk             |       |     3 |     6 |     5 ||    14
Armor: Ring mail         |    14 |     6 |       |       ||    20
       Robe              |     2 |       |       |       ||     2
       Chain mail        |       |   120 |   190 |   141 ||   451
       Skin              |       |       |       |    18 ||    18
Dodge: Dodged            |    42 |   136 |   187 |   131 ||   496
Block: Other             |       |       |       |    50 ||    50
       Reflection        |       |       |       |     1 ||     1

Table legend:
 A = Spawn XP
 B = Non-spawn XP
 C = Spawn XP percentage of total XP
 D = Spawn monster count
 E = Non-spawn monster count
 F = Spawn count percentage of total count
 G = Total turns spent on level
                    A         B        C        D         E        F      G
               +---------+---------+-------+---------+---------+-------+---------
         Total |       0 |   15135 |   0.0 |       0 |     262 |   0.0 |  9187
               +---------+---------+-------+---------+---------+-------+---------
           D:1 |       0 |      16 |   0.0 |       0 |      11 |   0.0 |   548
           D:2 |       0 |     125 |   0.0 |       0 |      22 |   0.0 |   708
           D:3 |       0 |     187 |   0.0 |       0 |      26 |   0.0 |  1434
           D:4 |       0 |     348 |   0.0 |       0 |      17 |   0.0 |   966
           D:5 |       0 |    1520 |   0.0 |       0 |      54 |   0.0 |  1022
           D:6 |       0 |     902 |   0.0 |       0 |      26 |   0.0 |   771
           D:7 |       0 |    2567 |   0.0 |       0 |      23 |   0.0 |   674
           D:8 |       0 |    5153 |   0.0 |       0 |      33 |   0.0 |  1894
           D:9 |       0 |    3927 |   0.0 |       0 |      19 |   0.0 |   746
       Ossuary |       0 |     390 |   0.0 |       0 |      31 |   0.0 |   424
               +---------+---------+-------+---------+---------+-------+---------
